 Dungeon Crawl Stone Soup version 0.19.4-8-ga85b6b9 (webtiles) character file.

85582 dngmouse the Black Belt (level 15, -10/128 HPs)
             Began as a Minotaur Transmuter on Feb 11, 2017.
             Was the Champion of Cheibriados.
             Mangled by an orc warlord
             ... wielding a +0 dire flail
              (28 damage)
             ... on level 1 of the Orcish Mines on Feb 12, 2017.
             The game lasted 02:56:22 (21949 turns).

dngmouse the Black Belt (Minotaur Transmuter)      Turns: 21949, Time: 02:56:23

Health: -10/128    AC: 10    Str: 33    XL:     15   Next: 38%
Magic:  19/20      EV: 26    Int: 31    God:    Cheibriados [******]
Gold:   2614       SH:  0    Dex: 33    Spells: 7 memorised, 0 levels left

rFire  . . .     SeeInvis .       - Unarmed
rCold  . . .     Gourm    .     g - +3 ring mail {MR+}
rNeg   . . .     Faith    .     (shield currently unavailable)
rPois  +         Spirit   .     (helmet restricted)
rElec  .         Reflect  .     (no cloak)
rCorr  .         Harm     .     (gloves currently unavailable)
MR     ++...     Clarity  +     z - +0 pair of boots
Stlth  ++........               (no amulet)
                                L - ring of poison resistance
                                y - +6 ring of intelligence

@: blade hands, very slightly contaminated, drained, very slow
A: retaliatory headbutt, horns 2, agile 1, clarity, regeneration 1, strong 1
a: End Transformation, Bend Time, Temporal Distortion, Slouch, Step From Time,
Renounce Religion


You were on level 1 of the Orcish Mines.
You worshipped Cheibriados.
Cheibriados was exalted by your worship.
You were not hungry.
You had blades for hands.
You visited 4 branches of the dungeon, and saw 21 of its levels.
You also visited: Ossuary and Ice Cave.

You collected 2614 gold pieces.

Inventory:

Hand Weapons
 j - the +8 lance "Wyrmbane" {slay drac, rPois rF+ rC+ AC+3}
   (You found it on level 1 of the Lair of Beasts)

   It affects your AC (+3).
   It protects you from fire.
   It protects you from cold.
   It protects you from poison.
Missiles
 a - 47 arrows
 m - 2 throwing nets
 D - 8 tomahawks (quivered)
 Z - 4 javelins of penetration
Armour
 g - a +3 ring mail of magic resistance (worn)
 i - a +1 pair of gloves (melded)
 z - a +0 pair of boots (worn)
 K - a +3 plate armour of cold resistance
 T - a +1 robe of resistance
Jewellery
 q - an uncursed ring of flight
 y - a +6 ring of intelligence (left scythe-like blade)
 L - a ring of poison resistance (right scythe-like blade)
 O - an uncursed ring of protection from fire
 Q - an uncursed ring of fire
 R - an uncursed ring of see invisible
Wands
 h - a wand of iceblast (1/15)
 o - a wand of paralysis (14/24)
 r - a wand of flame (20/48)
 w - a wand of paralysis (10/24)
 A - a wand of digging (13/24)
 I - a wand of disintegration (5/24)
 P - a wand of digging (12/24)
 S - a wand of iceblast (4/15)
Scrolls
 k - 7 scrolls of identify
 u - 2 scrolls of recharging
 J - a scroll of holy word
 U - 2 scrolls of magic mapping
 V - 3 scrolls of remove curse
 W - 3 scrolls of teleportation
Potions
 f - 22 potions of curing
 l - 2 potions of cure mutation
 p - 3 potions of brilliance
 C - 3 potions of lignification
 G - 4 potions of heal wounds
 M - 2 potions of resistance
 N - a potion of cancellation
Books
 c - a book of Changes

   Spells                             Type                      Level
   a - Beastly Appendage              Transmutation                1
   b - Sticks to Snakes               Transmutation                2
   c - Spider Form                    Transmutation/Poison         3
   d - Ice Form                       Ice/Transmutation            4
   e - Blade Hands                    Transmutation                5
 e - a book of Minor Magic

   Spells                             Type                      Level
   a - Magic Dart                     Conjuration                  1
   b - Blink                          Translocation                2
   c - Call Imp                       Summoning                    2
   d - Repel Missiles                 Charms/Air                   2
   e - Slow                           Hexes                        2
   f - Conjure Flame                  Conjuration/Fire             3
   g - Mephitic Cloud                 Conjuration/Poison/Air       3
 E - a book of Battle

   Spells                             Type                      Level
   a - Infusion                       Charms                       1
   b - Shroud of Golubria             Charms/Translocation         2
   c - Song of Slaying                Charms                       2
   d - Spectral Weapon                Hexes/Charms                 3
   e - Regeneration                   Charms/Necromancy            3
Miscellaneous
 s - a box of beasts
 t - a phantom mirror
Comestibles
 b - 14 royal jellies
 d - 10 bread rations
 n - 10 meat rations
 v - 7 slices of pizza
 x - 23 fruits
 H - a beef jerky


   Skills:
 - Level 10.6(10.0) Fighting
 * Level 5.0(4.4) Armour
 + Level 13.0(12.4) Dodging
 * Level 18.2(17.5) Unarmed Combat
 - Level 4.0(3.5) Spellcasting
 + Level 10.6(10.0) Transmutations
 - Level 7.2(6.7) Invocations


You couldn't memorise any spells.
You knew the following spells:

 Your Spells              Type           Power        Failure   Level  Hunger
a - Beastly Appendage     Tmut           ######       10%         1    None
b - Sticks to Snakes      Tmut           ######..     10%         2    None
c - Spider Form           Tmut/Pois      #####.....   32%         3    ##.....
d - Blade Hands           Tmut           ######....   32%         5    #####..
e - Ice Form              Ice/Tmut       #####...     54%         4    ####...
f - Blink                 Tloc           N/A          58%         2    None
g - Alistair's Intoxicat  Tmut/Pois      #####...     77%         5    #####..


Dungeon Overview and Level Annotations

Branches:
Dungeon (12/15)            Temple (1/1) D:7            Lair (6/6) D:11
 Shoals (0/4) Lair:2        Snake (0/4) Lair:4        Slime (0/5) Lair:5
    Orc (2/2) D:10            Elf (0/3) Orc:2

Altars:
Ashenzari
Cheibriados
Dithmenos
Elyvilon
Fedhas
Gozag
Hepliaklqana
Kikubaaqudgha
Makhleb
Nemelex Xobeh
Okawaru
Qazlal
Ru
Sif Muna
Trog
Uskayaw
Vehumet
Xom
Yredelemnul
Zin
The Shining One
Beogh
Lugonu

Shops:
D:6 *   D:9 (

Portals:
Hell: Lair:6

Annotations:
Orc:2 Urug


Innate Abilities, Weirdness & Mutations

You reflexively headbutt those who attack you in melee.
You have a pair of horns on your head.
You are agile. (Dex +2)
You possess an exceptional clarity of mind.
Your natural rate of healing is unusually fast.
Your muscles are strong. (Str +2)


Message History

You can't do that in your present form.
The orc no longer looks unusually strong.
The orc warlord roars a battlecry!
The orc goes into a battle-frenzy!
The orc warrior throws a poisoned tomahawk.
The poisoned tomahawk misses you.
The orc warlord hits you with a dire flail!!
* * * LOW HITPOINT WARNING * * *
You climb upwards.
There is a stone staircase leading down here.
Unknown command.
You feel much better.
The orc warlord hits you with a dire flail!!
* * * LOW HITPOINT WARNING * * *
You slice the orc warlord!!
The orc warlord is severely wounded.
You hit the orc warlord but do no damage.
The orc warlord is severely wounded.
The orc warlord hits you with a dire flail!!
You die...

### ########## #########
##.###.##..##.###.##..#.##
######........................#
##.##...........................
#...............................
##.##..............##...).......
#####.#.###..........[)........
##.#.#.........[....)......
#........o@..[.....#.......
#.........[..[.........#...
##.#........[[[)...........
###.^......)#......##.....
#.......[##..#..#####...
#........#.......# ##.#
##........##..#..## #...
##.#..#.....#....## ##..
#...#..#...#......# ###


You could see an orc warlord.

Vanquished Creatures
  Rupert (Lair:6)
  Kirke (Lair:5)
  A frost giant (IceCv)
  An orc warlord (Orc:1)
  The ghost of dngmouse the Cleaver, a journeyman DDFi of Makhleb (Lair:6)
  The ghost of doot the Slicer, a journeyman DsAs of Lugonu (Orc:2)
  A dire elephant (Lair:6)
  Snorg (Orc:1)
  An ettin (Orc:1)
  Erolcha (Orc:2)
  Fannar (Orc:1)
  2 hydras
  The ghost of Feta the Geomancer, a journeyman GrEE of Vehumet (Lair:3)
  3 death yaks (Lair:4)
  Nergalle (Orc:2)
  The ghost of dngmouse the Grappler, a novice MiTm of Cheibriados (D:7)
  A sixfirhy (Lair:6)
  3 wizards
  An unseen horror (D:10)
  A hill giant (D:11)
  4 lindwurms (Lair:2)
  A necromancer (Lair:3)
  4 orc knights
  A deep elf mage (Orc:2)
  An ugly thing (D:11)
  2 orc sorcerers (Orc:2)
  2 cyclopes
  2 manticores (D:11)
  19 elephants
  3 black mambas
  An ice statue (IceCv)
  A smoke demon (Lair:6)
  2 gargoyles (D:12)
  11 spiny frogs
  9 komodo dragons
  A kobold demonologist (D:10)
  2 orange demons (Lair:6)
  6 ice devils (Lair:6)
  6 rime drakes
  A hellwing (Lair:6)
  The ghost of kwel01 the Thaumaturge, a novice DEWz (Ossuary)
  2 red devils (Lair:6)
  3 meliai
  17 polar bears
  3 trolls
  A queen bee (D:12)
  A two-headed ogre (D:10)
  12 blink frogs
  4 slime creatures (D:12)
  9 dream sheep
  8 hippogriffs
  A shadow (D:12)
  A wyvern (Lair:4)
  60 yaks
  Grum (D:10)
  3 basilisks
  3 hungry ghosts
  7 wargs
  A mottled dragon (D:11)
  16 water moccasins
  10 porcupines
  A hell hound (Lair:6)
  3 sky beasts
  27 orc warriors
  2 ice beasts
  3 black bears
  6 phantoms
  28 wolves
  An elephant zombie (Lair:6)
  3 centaurs
  A hornet zombie (D:11)
  A boggart (D:10)
  14 ogres
  15 crocodiles
  8 big kobolds
  13 bullfrogs
  A wyvern skeleton (D:12)
  4 scorpions
  25 killer bees
  11 wights
  4 electric eels
  2 howler monkeys (D:7)
  2 crimson imps
  2 centaur zombies
  3 bullfrog zombies (Ossuary)
  3 quasits
  2 basilisk zombies (Lair:3)
  7 hounds
  3 jellies
  15 orc priests
  4 centaur skeletons
  18 orc wizards
  2 bullfrog skeletons
  A gnoll shaman (D:5)
  5 iguanas
  Natasha (thrice) (D:2)
  11 worker ants
  A crocodile zombie (Lair:3)
  3 hound zombies
  2 hound skeletons
  11 mummies (Ossuary)
  A howler monkey zombie (D:8)
  2 worker ant zombies (Ossuary)
  15 adders
  13 gnolls
  An ooze (D:5)
  3 adder zombies (Ossuary)
  An adder skeleton (D:4)
  2 worms
  5 dart slugs
  5 leopard geckos
  71 orcs
  2 ball pythons
  3 giant cockroaches
  4 goblins
  7 hobgoblins
  2 jackals (D:2)
  16 kobolds
  11 quokkas
  8 bats
  8 frilled lizards
  A giant cockroach zombie (Ossuary)
  A jackal skeleton (D:7)
  2 jackal zombies (Ossuary)
  A leopard gecko zombie (D:6)
  A quokka zombie (Ossuary)
  5 rats
730 creatures vanquished.

Vanquished Creatures (collateral kills)
  A hydra (Lair:6)
  A hill giant (D:11)
  An elephant (Lair:3)
  A hound zombie (Ossuary)
  A gnoll (D:4)
  A fungus (Lair:6)
6 creatures vanquished.

Vanquished Creatures (others)
  A polar bear (IceCv)
  2 yaks (IceCv)
  A human (Lair:5)
  38 fungi
  13 plants (Lair:6)
  A withered plant (Ossuary)
56 creatures vanquished.

Grand Total: 792 creatures vanquished

Notes
Turn   | Place    | Note
-------+----------+-------------------------------------------
     0 | D:1      | dngmouse the Minotaur Transmuter began the quest for the Orb.
     0 | D:1      | Reached XP level 1. HP: 16/16 MP: 1/1
   310 | D:1      | Reached XP level 2. HP: 22/23 MP: 0/3
   314 | D:1      | Learned a level 2 spell: Sticks to Snakes
   905 | D:2      | Reached skill level 4 in Unarmed Combat
  1189 | D:2      | Reached XP level 3. HP: 28/28 MP: 2/4
  1215 | D:2      | Noticed Natasha
  1223 | D:2      | Killed Natasha
  1543 | D:2      | Reached XP level 4. HP: 32/35 MP: 3/5
  1612 | D:2      | Noticed Natasha
  1618 | D:2      | Killed Natasha
  1618 | D:2      | Reached skill level 5 in Unarmed Combat
  1657 | D:2      | Noticed Natasha
  1663 | D:2      | Killed Natasha
  1885 | D:3      | Found an ancient bone altar of Kikubaaqudgha.
  1947 | D:3      | Reached XP level 5. HP: 30/40 MP: 4/6
  2574 | D:3      | Found a burning altar of Makhleb.
  3114 | D:4      | Reached skill level 6 in Unarmed Combat
  3177 | D:4      | Reached XP level 6. HP: 45/47 MP: 5/7
  3361 | D:4      | Reached skill level 7 in Unarmed Combat
  3575 | D:4      | Reached XP level 7. HP: 21/52 MP: 6/8
  3862 | D:4      | You fall through a shaft for 2 floors!
  4118 | D:6      | Gained mutation: You possess an exceptional clarity of mind. [potion of mutation]
  4118 | D:6      | Gained mutation: You are agile. (Dex +2) [potion of mutation]
  4118 | D:6      | Gained mutation: Your natural rate of healing is unusually fast. [potion of mutation]
  4239 | D:6      | Found Gozag's Platinum Reserve.
  4254 | D:6      | Found an opulent altar of Gozag.
  4495 | D:6      | Found a bloodstained altar of Trog.
  4588 | D:5      | Entered Level 5 of the Dungeon
  4689 | D:5      | Reached skill level 8 in Unarmed Combat
  5139 | D:5      | Reached XP level 8. HP: 47/59 MP: 6/9
  5324 | D:5      | Found a white marble altar of Elyvilon.
  5380 | D:5      | Found a shimmering altar of Xom.
  5413 | D:5      | Found a glowing golden altar of the Shining One.
  5518 | D:5      | Found a hazy altar of Hepliaklqana.
  5531 | D:5      | Found a radiant altar of Vehumet.
  5556 | D:5      | Found a stormy altar of Qazlal.
  5602 | D:5      | Reached skill level 5 in Dodging
  5602 | D:5      | Reached skill level 9 in Unarmed Combat
  6223 | D:7      | Reached skill level 5 in Transmutations
  6425 | D:7      | Noticed dngmouse's ghost (novice MiTm)
  6427 | D:7      | Gained mutation: Your muscles are strong. (Str +2) [potion of beneficial mutation]
  6451 | D:7      | Killed dngmouse's ghost
  6451 | D:7      | Reached skill level 10 in Unarmed Combat
  6451 | D:7      | Reached XP level 9. HP: 71/71 MP: 10/10
  6597 | D:7      | Found a staircase to the Ecumenical Temple.
  6607 | Temple   | Entered the Ecumenical Temple
  6619 | Temple   | Became a worshipper of Cheibriados the Contemplative
  6900 | D:7      | Found Tyzydd's Food Boutique.
  7424 | D:8      | Reached * piety under Cheibriados
  7440 | D:8      | Reached skill level 5 in Fighting
  7451 | D:8      | Reached skill level 11 in Unarmed Combat
  7630 | D:8      | Learned a level 3 spell: Spider Form
  7832 | D:8      | Found a sand-covered staircase.
  7837 | Ossuary  | Entered an ossuary
  7846 | Ossuary  | Noticed kwel01's ghost (novice DEWz)
  7875 | Ossuary  | Killed kwel01's ghost
  7909 | Ossuary  | Reached XP level 10. HP: 81/81 MP: 3/11
  7957 | Ossuary  | Reached ** piety under Cheibriados
  8445 | D:9      | Found a sparkling altar of Nemelex Xobeh.
  8447 | D:9      | Found a sacrificial altar of Ru.
  8447 | D:9      | Found a blossoming altar of Fedhas.
  8448 | D:9      | Found a glowing silver altar of Zin.
  8448 | D:9      | Found a basalt altar of Yredelemnul.
  8820 | D:9      | Found Qabboir's Weapon Emporium.
  8918 | D:10     | Entered Level 10 of the Dungeon
  8934 | D:10     | Found a staircase to the Orcish Mines.
  8970 | D:10     | Reached *** piety under Cheibriados
  9008 | D:10     | Reached skill level 12 in Unarmed Combat
  9132 | D:10     | Killed an unseen horror
  9378 | D:10     | Noticed a rust devil
  9394 | D:10     | Reached skill level 1 in Invocations
  9501 | D:10     | Reached XP level 11. HP: 50/92 MP: 12/12
  9606 | D:10     | Noticed a three-headed hydra
  9615 | D:10     | Killed a three-headed hydra
  9615 | D:10     | Reached **** piety under Cheibriados
  9638 | D:10     | Noticed a wizard
  9670 | D:10     | Killed a wizard
  9670 | D:10     | Reached skill level 13 in Unarmed Combat
  9678 | D:10     | Learned a level 5 spell: Blade Hands
  9681 | D:10     | Noticed a wizard
  9688 | D:10     | Killed a wizard
  9731 | D:10     | Noticed Grum
  9753 | D:10     | Killed Grum
  9953 | D:10     | Reached ***** piety under Cheibriados
 10243 | D:11     | Noticed a hill giant
 10265 | D:11     | Killed a hill giant
 10498 | D:11     | Noticed a brown ugly thing
 10528 | D:11     | Killed a brown ugly thing
 10629 | D:11     | Noticed a hill giant
 10639 | D:11     | Killed a hill giant
 10785 | D:11     | Reached skill level 14 in Unarmed Combat
 11056 | D:11     | Found a staircase to the Lair.
 11299 | Lair:1   | Entered Level 1 of the Lair of Beasts
 11597 | Lair:1   | Reached XP level 12. HP: 100/100 MP: 12/14
 11765 | Lair:1   | Noticed a six-headed hydra
 11784 | Lair:1   | Killed a six-headed hydra
 11921 | Lair:1   | Reached skill level 10 in Dodging
 11987 | Lair:1   | Reached skill level 5 in Invocations
 12509 | Lair:2   | Reached ****** piety under Cheibriados
 12846 | Lair:2   | Found a staircase to the Shoals.
 13284 | Lair:3   | Noticed Feta's ghost (journeyman GrEE)
 13316 | Lair:3   | Killed Feta's ghost
 13373 | Lair:3   | Reached skill level 15 in Unarmed Combat
 13921 | Lair:3   | Reached XP level 13. HP: 108/108 MP: 16/16
 14429 | Lair:3   | Identified a scroll of acquirement
 14430 | Lair:3   | Got a sparkling copper amulet
 14431 | Lair:3   | Identified the amulet of Light {Faith rC+ MP+9} (You acquired it on level 3 of the Lair of Beasts)
 15307 | Lair:4   | Found a staircase to the Snake Pit.
 16072 | Lair:5   | Reached skill level 16 in Unarmed Combat
 16109 | Lair:5   | Noticed Kirke
 16121 | Lair:5   | Killed Kirke
 16249 | Lair:5   | Found a staircase to the Slime Pits.
 16718 | Lair:6   | Entered Level 6 of the Lair of Beasts
 16997 | Lair:6   | Noticed dngmouse's ghost (journeyman DDFi)
 16997 | Lair:6   | Found a frozen archway.
 17008 | Lair:6   | Killed dngmouse's ghost
 17015 | Lair:6   | Noticed Rupert
 17017 | Lair:6   | Paralysed by Rupert for 6 turns
 17023 | Lair:6   | Killed Rupert
 17023 | Lair:6   | Reached XP level 14. HP: 102/119 MP: 12/18
 17067 | Lair:6   | Learned a level 4 spell: Ice Form
 17070 | Lair:6   | Learned a level 2 spell: Blink
 17072 | IceCv    | Entered an ice cave
 17157 | IceCv    | Reached skill level 10 in Fighting
 17388 | IceCv    | Noticed a frost giant
 17409 | IceCv    | Killed a frost giant
 17648 | Lair:6   | Reached skill level 17 in Unarmed Combat
 17739 | Lair:6   | Reached skill level 10 in Transmutations
 18358 | Lair:6   | Found a burning altar of Makhleb.
 18363 | Lair:6   | Found a gateway to Hell.
 19453 | D:12     | Reached XP level 15. HP: 120/128 MP: 20/20
 19481 | D:12     | Learned a level 5 spell: Alistair's Intoxication
 19828 | Orc:1    | Entered Level 1 of the Orcish Mines
 19995 | Orc:1    | Noticed Fannar
 20006 | Orc:1    | Killed Fannar
 20006 | Orc:1    | Reached skill level 1 in Armour
 20383 | Orc:2    | Entered Level 2 of the Orcish Mines
 20416 | Orc:2    | Noticed Erolcha
 20421 | Orc:2    | Killed Erolcha
 20421 | Orc:2    | Reached skill level 18 in Unarmed Combat
 20514 | Orc:2    | Noticed an orc warlord
 20523 | Orc:2    | Noticed Nergalle
 20529 | Orc:2    | Killed Nergalle
 20532 | Orc:2    | Noticed doot's ghost (journeyman DsAs)
 20708 | Orc:2    | Killed doot's ghost
 21113 | Orc:2    | Noticed Urug
 21270 | Orc:2    | Noticed Snorg
 21277 | Orc:1    | Killed Snorg
 21704 | Orc:2    | Found a staircase to the Elven Halls.
 21768 | Orc:2    | Noticed an orc warlord
 21784 | Orc:1    | Killed an orc warlord
 21803 | Orc:2    | Found a roughly hewn altar of Beogh.
 21818 | Orc:2    | Reached skill level 5 in Armour
 21949 | Orc:1    | Mangled by an orc warlord

Skill      XL: |  1  2  3  4  5  6  7  8  9 10 11 12 13 14 15 |
---------------+----------------------------------------------+-----
Unarmed Combat | 4 5 6 7 8 10 11 12 14 15 16 17 18 | 18.2
Transmutations | 2 3 4 5 6 7 8 9 10 | 10.6
Dodging        | 3 4 6 7 8 9 10 11 12 13 | 13.0
Fighting       | 4 5 7 8 9 10 | 10.6
Invocations    | 1 4 6 7 |  7.2
Spellcasting   | 3 4 |  4.0
Armour         | 5 |  5.0

Action                   |  1- 3 |  4- 6 |  7- 9 | 10-12 | 13-15 || total
-------------------------+-------+-------+-------+-------+-------++-------
Melee: Unarmed           |    91 |   139 |   350 |   476 |   649 ||  1705
       Kick              |    13 |    29 |   100 |   252 |   158 ||   552
       Headbutt          |     6 |    26 |    69 |   161 |   154 ||   416
       Punch             |       |     2 |    12 |    64 |    60 ||   138
Throw: Tomahawk          |       |       |     4 |       |     1 ||     5
       Throwing net      |       |       |       |     1 |       ||     1
 Cast: Beastly Appendage |    20 |    33 |    63 |    91 |    48 ||   255
       Sticks to Snakes  |       |       |     9 |    38 |     6 ||    53
       Blade Hands       |       |       |       |       |    41 ||    41
       Ice Form          |       |       |       |       |     8 ||     8
       Spider Form       |       |       |       |       |     1 ||     1
 Abil: Evoke Flight      |       |       |     1 |     2 |       ||     3
       End Transformatio |       |       |       |     1 |     1 ||     2
Evoke: Wand              |       |       |       |    15 |     2 ||    17
  Use: Scroll            |     4 |       |     5 |    11 |    12 ||    32
       Potion            |       |     3 |     7 |     8 |     8 ||    26
 Stab: Sleeping          |     1 |       |       |     1 |     4 ||     6
       Distracted        |       |       |       |     1 |     3 ||     4
       Invisible         |       |       |       |       |     3 ||     3
  Eat: Chunk             |     3 |     7 |    18 |    17 |    27 ||    72
       Fruit             |       |       |       |     1 |     2 ||     3
Armor: Robe              |    32 |    25 |    10 |    36 |     9 ||   112
       Skin              |       |     4 |    32 |       |    13 ||    49
       Leather armour    |       |       |    13 |       |       ||    13
       Mottled dragon sc |       |       |       |    18 |    21 ||    39
       Ring mail         |       |       |       |       |    18 ||    18
Dodge: Dodged            |    56 |    89 |   203 |   456 |   829 ||  1633
